 Dungeon Crawl Stone Soup version 0.22-a0-348-gd16d139 (webtiles) character file.

80 Amnesiac the Covert (level 4, -10/22 HPs)
             Began as a Spriggan Assassin on Apr 9, 2018.
             Killed by nerve-wracking pain
             ... invoked by Grinder
              (12 damage)
             ... on level 3 of the Dungeon.
             The game lasted 00:05:30 (1904 turns).

Amnesiac the Covert (Spriggan Assassin)             Turns: 1904, Time: 00:05:31

Health: -10/22     AC:  3    Str:  5 (7)  XL:     4   Next: 18%
Magic:  5/5        EV: 26    Int: 11 (12) God:
Gold:   100        SH:  0    Dex: 24 (26) Spells: 3/3 levels left

rFire    . . .     SeeInvis +   b - +0 blowgun
rCold    . . .     Gourm    .   (shield restricted)
rNeg     . . .     Faith    .   c - +0 robe
rPois    .         Spirit   .   (helmet restricted)
rElec    .         Reflect  .   d - +0 cloak
rCorr    .         Harm     .   (gloves unavailable)
MR       .....                  (boots unavailable)
Stlth    +++++.....             (no amulet)
HPRegen  0.07/turn              s - +4 ring of evasion
MPRegen  0.09/turn              r - +3 ring of dexterity

@: agile, very quick
A: very small, unfitting armour, see invisible, herbivore, speed 3, slow
metabolism 2
a: no special abilities


You were on level 3 of the Dungeon.
You were not hungry.

You visited 1 branch of the dungeon, and saw 3 of its levels.

You collected 100 gold pieces.

Inventory:

Hand Weapons
 a - a +0 dagger of venom
 b - a +0 blowgun (weapon)
 h - a +2 dagger
Missiles
 e - 21 poisoned needles (quivered)
 f - 2 curare-tipped needles
Armour
 c - a +0 robe (worn)
 d - a +0 cloak (worn)
Jewellery
 i - a +5 ring of intelligence
 r - a +3 ring of dexterity (right hand)
 s - a +4 ring of evasion (left hand)
Scrolls
 m - 2 scrolls of fear {!r}
 p - a scroll of teleportation {!r, unknown}
 t - a scroll of amnesia {!r, unknown}
 u - a scroll of enchant armour {!r, unknown}
 w - a scroll of remove curse {!r}
Potions
 l - a potion of flight {!q}
 n - a potion of cancellation {!q}
Comestibles
 g - 5 rations


   Skills:
 - Level 1.5 Fighting
 + Level 3.2 Short Blades
 - Level 2.0 Throwing
 - Level 1.5 Dodging
 - Level 8.0 Stealth


You had 3 spell levels left.
You didn't know any spells.

Dungeon Overview and Level Annotations

Branches:
Dungeon (3/15)

Altars:

Annotations:
D:3 Grinder, Robin, Terence


Innate Abilities, Weirdness & Mutations

You are very small and have problems with some larger weapons.
You are too small for most types of armour.
You have supernaturally acute eyesight. (SInv)
You are a herbivore.
You cover ground extremely quickly.
You need to consume almost no food.


Message History

Your transformation is almost over.
The orc barely misses you. The hobgoblin barely misses you.
You barely miss Grinder. Grinder hits you.
* * * LOW HITPOINT WARNING * * *
The orc hits you but does no damage.
You hit the orc.
The orc is poisoned.
The orc is moderately wounded.
You hear the rusting of a very distant drain.
The hobgoblin hits you but does no damage.
Grinder hits you.
* * * LOW HITPOINT WARNING * * *
The orc hits you but does no damage.
Really quaff
k - a golden potion {!q}?
It was a potion of degeneration {!q}.
There was something very wrong with that liquid.
You feel weakened.
You feel dopey.
You feel clumsy.
The hobgoblin hits you but does no damage.
Grinder hits you but does no damage. The orc hits you but does no damage.
Really quaff
o - a grey potion {!q}?
It was a potion of curing {!q}.
You feel better.
The hobgoblin hits you but does no damage.
Grinder hits you but does no damage. The orc hits you but does no damage.
You barely miss the hobgoblin. Grinder hits you but does no damage.
The hobgoblin hits you but does no damage.
The orc hits you but does no damage.
You hit the hobgoblin but do no damage.
The hobgoblin is poisoned.
You kill the orc!
Grinder hits you.
* * * LOW HITPOINT WARNING * * *
The hobgoblin hits you but does no damage.
You closely miss the hobgoblin.
Grinder blinks!
You hit the hobgoblin.
The hobgoblin is moderately wounded.
The hobgoblin hits you but does no damage.
You cannot move.
Okay, then.
Okay, then.
Really read
q - a scroll of identify {!r}?
As you read the scroll of identify {!r}, it crumbles to dust.
w - a scroll of remove curse {!r} The hobgoblin hits you but does no damage.
Put on which piece of jewellery? (? for menu, Esc to quit)
You're wearing all the rings you can.
Remove which one? (? for menu, Esc to cancel) < or
i - a +5 ring of intelligence; > or
r - a +3 ring of dexterity You remove your +5 ring of intelligence.
You feel stupid.
You kill the hobgoblin!
s - a +4 ring of evasion (left branch)
Okay, then.
Okay, then.
Quiver which item? (- for none, * to show all) (? for menu, Esc to quit)
Okay, then.
Your +0 dagger of venom stops dripping with poison.
b - a +0 blowgun (weapon)
Firing (i - inventory. (/) - cycle)
e - 22 poisoned needles (quivered)
Press: ? - help, Shift-Dir - straight line, f - Grinder
Aim: Grinder You shoot a poisoned needle.
The poisoned needle hits Grinder.
You feel less wooden. Grinder gestures at you. Pain shoots through your body!
Ouch! That really hurt!
You die...

##o# ....
####gS#
####...o##
######...)####
..........#
..........#
........5.#
.......)))#
........@.#
.......†..#
..........#
...$......#
...........
..........#.
###########).
.


You could see Grinder.

Vanquished Creatures
  3 adders (D:2)
  A dart slug (D:1)
  3 orcs (D:3)
  2 giant cockroaches
  4 hobgoblins
  6 jackals (D:1)
  A ball python (D:3)
  4 bats
  4 frilled lizards
  10 goblins
  4 kobolds
  5 rats (D:1)
47 creatures vanquished.

Notes
Turn   | Place    | Note
-------+----------+-------------------------------------------
     0 | D:1      | Amnesiac the Spriggan Assassin began the quest for the Orb.
     0 | D:1      | Reached XP level 1. HP: 10/10 MP: 2/2
    29 | D:1      | Reached skill level 6 in Stealth
    34 | D:1      | Reached XP level 2. HP: 3/14 MP: 3/3
   700 | D:1      | Reached XP level 3. HP: 18/18 MP: 4/4
   723 | D:2      | Reached skill level 7 in Stealth
  1753 | D:3      | Noticed Terence
  1755 | D:3      | Noticed Robin
  1813 | D:3      | Reached XP level 4. HP: 22/22 MP: 5/5
  1822 | D:3      | Reached skill level 8 in Stealth
  1873 | D:3      | Noticed Grinder
  1904 | D:3      | Killed from afar by Grinder

Vault maps used:
D:1:      tarquinn_simple_flora_water_f
D:2:      hangedman_decor_slide_cut
D:3:      cheibrodos_helix_gallery, portal_sewer_entry_e, nrook_mini_vaults,
          guppyfry_early_orc_mine, uniq_robin, uniq_grinder, uniq_terence

Skill      XL: |  1  2  3  4 |
---------------+-------------+-----
Stealth        | 6 7 8 |  8.0
Short Blades   | 3 |  3.2
Fighting       | |  1.5
Throwing       | |  2.0
Dodging        | |  1.5

Action                   |  1- 3 |  4- 6 || total
-------------------------+-------+-------++-------
Melee: Dagger            |    92 |    27 ||   119
 Fire: Blowgun           |       |     1 ||     1
  Use: Scroll            |     4 |     1 ||     5
       Potion            |       |     5 ||     5
 Stab: Sleeping          |    13 |       ||    13
       Distracted        |     1 |       ||     1
Armor: Robe              |    11 |       ||    11
       Skin              |       |    26 ||    26
Dodge: Dodged            |    50 |    18 ||    68

Table legend:
 A = Spawn XP
 B = Non-spawn XP
 C = Spawn XP percentage of total XP
 D = Spawn monster count
 E = Non-spawn monster count
 F = Spawn count percentage of total count
 G = Total turns spent on level
                    A         B        C        D         E        F      G
               +---------+---------+-------+---------+---------+-------+---------
         Total |       0 |     115 |   0.0 |       0 |      47 |   0.0 |  1904
               +---------+---------+-------+---------+---------+-------+---------
           D:1 |       0 |      41 |   0.0 |       0 |      25 |   0.0 |   707
           D:2 |       0 |      55 |   0.0 |       0 |      13 |   0.0 |  1064
           D:3 |       0 |      19 |   0.0 |       0 |       9 |   0.0 |   133
               +---------+---------+-------+---------+---------+-------+---------
